Map: Lerilak Crest

Players

WhyAlwaysMe

  • Race: Protoss Protoss

JusticeSimon - Winner!

  • Race: Protoss Protoss
  • League: Master

VOD

Have the link to the VOD?

Description

Time

  • Played on: March 13, 2016, 1:22 a.m.
  • Length: 5:57
Show
View Real Time Build Order
Export as new Build Order

WhyAlwaysMe Protoss 

Build Orders:  

Get SALT Encoding   

  12  0:01  Probe (Chrono Boost)  
  13  0:12  Probe (Chrono Boost)  
  14  0:21  Pylon  
  14  0:25  Probe (Chrono Boost)  
  15  0:39  Probe (Chrono Boost), Gateway  
  16  0:49  Probe (Chrono Boost)  
  17  0:56  Assimilator  
  17  1:00  Probe (Chrono Boost)  
  17  1:01  Assimilator  
  18  1:10  Probe (Chrono Boost)  
  19  1:19  Pylon  
  19  1:22  Probe (Chrono Boost)  
  20  1:26  Cybernetics Core  
  21  1:33  Probe (Chrono Boost)  
  21  1:43  Probe (Chrono Boost)  
  21  1:46  Gateway  
  22  1:54  Probe (Chrono Boost)  
  23  2:04  Pylon  
  23  2:10  Probe (Chrono Boost)  
  24  2:19  Adept (Chrono Boost)  
  26  2:29  Nexus  
  26  2:31  Warp Gate (Chrono Boost)  
  26  2:39  Adept (Chrono Boost)  
  27  2:46  Mothership Core  
  29  2:53  Pylon  
  29  3:12  Probe  
  30  3:16  Stargate  
  27  3:35  Probe  
  27  3:40  Probe  
  28  3:47  Probe  
  30  3:49  Gateway  
  30  3:50  Gateway  
  30  3:51  Probe  
  31  3:59  Probe  
  31  4:02  Forge  
  32  4:04  Oracle (Chrono Boost)  
  32  4:06  Probe  
  36  4:14  Probe  
  37  4:17  Probe  
  38  4:31  Pylon  
  33  4:32  Sentry x2  
  32  4:49  Void Ray (Chrono Boost)  
  36  5:01  Stalker x2  
  40  5:17  Pylon  
  40  5:19  Pylon  
  22  5:44  Stalker  
  22  5:45  Stalker  
Show
View Real Time Build Order
Export as new Build Order

JusticeSimon Protoss - Winner!

Build Orders:  

Get SALT Encoding   

  12  0:00  Probe (Chrono Boost)  
  13  0:11  Probe (Chrono Boost)  
  14  0:16  Pylon  
  14  0:22  Probe (Chrono Boost)  
  15  0:35  Probe (Chrono Boost)  
  16  0:36  Gateway  
  16  0:45  Probe (Chrono Boost)  
  16  0:47  Assimilator  
  17  0:56  Probe (Chrono Boost)  
  18  1:01  Assimilator  
  18  1:06  Probe (Chrono Boost)  
  18  1:10  Gateway  
  19  1:17  Probe (Chrono Boost)  
  20  1:25  Cybernetics Core  
  20  1:29  Probe (Chrono Boost)  
  21  1:40  Pylon  
  21  1:42  Probe (Chrono Boost)  
  22  1:56  Probe (Chrono Boost)  
  23  2:05  Adept x2 (Chrono Boost)  
  23  2:06  Warp Gate (Chrono Boost)  
  27  2:15  Pylon  
  31  2:30  Stalker (Chrono Boost)  
  31  2:31  Stalker (Chrono Boost)  
  31  2:45  Robotics Facility  
  31  2:54  Gateway  
  31  3:02  Stalker  
  33  3:11  Stalker  
  35  3:24  Pylon  
  31  3:38  Immortal (Chrono Boost)  
  35  3:48  Pylon  
  35  4:01  Stalker  
  35  4:02  Stalker  
  39  4:08  Stalker  
  41  4:29  Immortal (Chrono Boost)  
  45  4:40  Zealot x2  
  49  4:46  Stalker  
  51  5:06  Stalker  
  47  5:07  Stalker  
  45  5:16  Adept  
  47  5:35  Adept x2  
  41  5:53  Stalker  
Tags
 
League
Master
Matchup
PvP
Replay Pack
Simon Rep
Add a new tag
Caveats
  • Supply blocks, unpowered buildings, or Contaminate may cause inaccurate times.
  • Supply counts are checked every 10 seconds.